 Dungeon Crawl Stone Soup version 0.19-a0-1875-g4fea3da (webtiles) character file.

385 Charly the Conjurer (level 6, -7/36 HPs)
             Began as a Demonspawn Venom Mage on Oct 13, 2016.
             Was a Follower of Hepliaklqana.
             Shot with an arrow by a centaur (8 damage)
             ... on level 5 of the Dungeon.
             The game lasted 00:27:08 (2954 turns).

Charly the Conjurer (Demonspawn Venom Mage)         Turns: 2954, Time: 00:27:08

Health: -7/36      AC:  4    Str:  8    XL:     6   Next: 48%
Magic:  9/9        EV: 12    Int: 19    God:    Hepliaklqana [*.....]
Gold:   58         SH:  0    Dex: 13    Spells: 1 memorised, 8 levels left

rFire  . . .     SeeInvis .     a - +3 dagger
rCold  + . .     Gourm    .     q - +0 robe
rNeg   . . .     Faith    .     (no shield)
rPois  .         Spirit   .     u - +1 hat
rElec  .         Dismiss  .     e - +0 cloak
rCorr  .         Reflect  .     (no gloves)
MR     .....     Harm     .     (no boots)
Stlth  ++++......               m - amulet of magic regeneration
                                t - ring of flight
                                c - ring of protection from cold

@: hasted, very quick
A: reduced essence, nightstalker 2, spiny 1
a: Recall Ancestor, Ancestor Identity, Renounce Religion, Evoke Flight


You were on level 5 of the Dungeon.
You worshipped Hepliaklqana.
Hepliaklqana was aware of your devotion.
You were very hungry.

You visited 1 branch of the dungeon, and saw 5 of its levels.

You collected 58 gold pieces.

Inventory:

Hand Weapons
 a - a +3 dagger (weapon)
Armour
 e - a +0 cloak (worn)
 q - a +0 robe (worn)
 u - a +1 hat (worn)
Jewellery
 c - a ring of protection from cold (left hand)
 m - an amulet of magic regeneration (around neck)
 t - a ring of flight (right hand)
Scrolls
 d - 2 scrolls of remove curse
 g - a scroll of fear {unknown}
 h - a scroll of enchant armour {unknown}
 i - a scroll of magic mapping {unknown}
 k - a scroll of teleportation {unknown}
 n - 4 scrolls of identify {unknown}
 o - a scroll of amnesia {unknown}
 r - a scroll of noise {unknown}
Potions
 j - a potion of resistance {unknown}
 l - 2 potions of haste
 v - a potion of curing {unknown}
 w - a potion of flight {unknown}
 x - a potion of agility {unknown}
 z - a potion of brilliance {unknown}
Books
 b - a Young Poisoner's Handbook

   Spells                             Type                      Level
   a - Sting                          Conjuration/Poison           1
   b - Mephitic Cloud                 Conjuration/Poison/Air       3
   c - Olgreb's Toxic Radiance        Poison                       4
   d - Alistair's Intoxication        Transmutation/Poison         5
   e - Venom Bolt                     Conjuration/Poison           5
Comestibles
 f - 7 fruits
 p - 8 bread rations
 s - a meat ration


   Skills:
 - Level 1.7 Dodging
 - Level 1.7 Stealth
 - Level 2.0 Spellcasting
 + Level 5.7 Conjurations
 + Level 5.2 Poison Magic


You had 8 spell levels left.
You knew the following spells:

 Your Spells              Type           Power        Failure   Level  Hunger
s - Sting                 Conj/Pois      ###.         1%          1    #......


Dungeon Overview and Level Annotations

Branches:
Dungeon (5/15)
 Temple: D:4-7

Altars:
Ashenzari
Cheibriados
Elyvilon
Gozag
Hepliaklqana
Nemelex Xobeh
Qazlal
Xom
Yredelemnul

Annotations:
D:2 Natasha
D:3 Grinder


Innate Abilities, Weirdness & Mutations

You are significantly more attuned to the shadows.
You are partially covered in sharp spines.
Your life essence is reduced. (-10% HP)


Message History

There is a stone staircase leading down here.
You climb downwards.
There is a stone staircase leading up here.
You open the door.
There is an open door here.
A centaur comes into view.
The centaur shouts!
The centaur wields a shortbow.
The centaur shoots an arrow.
The arrow hits you!
* * * LOW HITPOINT WARNING * * *
You see here an arrow.
The centaur shoots an arrow.
The arrow hits you.
* * * LOW HITPOINT WARNING * * *
You see here an arrow.
The centaur shoots an arrow.
The arrow hits you!
* * * LOW HITPOINT WARNING * * *
There is an open door, spattered with blood here.
You see here an arrow.
It was a potion of haste.
You feel yourself speed up.
The centaur shoots an arrow.
The arrow hits you!
You die...

.........
#### # #..+
..##..#
......#
......#
###@##
#..R.######.
#<...(......
#.....(.c...
#...........
#...........
#....##+###.
#....#....+
....#...<#


You could see the friendly Tenoch the ancestor and a centaur.

Vanquished Creatures
  An ogre (D:4)
  A worker ant (D:4)
  4 gnolls (D:3)
  3 adders
  2 worms (D:2)
  A dart slug (D:3)
  A leopard gecko (D:3)
  An orc (D:3)
  3 giant cockroaches
  11 goblins
  6 hobgoblins
  12 jackals
  2 quokkas (D:2)
  A ball python (D:3)
  6 bats
  3 frilled lizards
  6 kobolds
  10 rats
74 creatures vanquished.

Vanquished Creatures (collateral kills)
  A phantom (D:4)
  Terence (D:3)
  An adder (D:5)
  A dart slug (D:3)
  A hobgoblin (D:2)
  A jackal (D:3)
  A kobold (D:2)
7 creatures vanquished.

Vanquished Creatures (others)
  2 ancestors
2 creatures vanquished.

Grand Total: 83 creatures vanquished

Notes
Turn   | Place    | Note
-------+----------+-------------------------------------------
     0 | D:1      | Charly the Demonspawn Venom Mage began the quest for the Orb.
     0 | D:1      | Reached XP level 1. HP: 13/13 MP: 3/3
    26 | D:1      | Reached skill level 1 in Conjurations
   307 | D:1      | Gained mutation: You are slightly more attuned to the shadows. [demonic ancestry]
   307 | D:1      | Reached XP level 2. HP: 19/19 MP: 3/5
   643 | D:2      | Found an opulent altar of Gozag.
   806 | D:1      | Gained mutation: You are partially covered in sharp spines. [demonic ancestry]
   806 | D:1      | Reached XP level 3. HP: 24/24 MP: 1/6
   983 | D:2      | Found a basalt altar of Yredelemnul.
  1046 | D:2      | Found a white marble altar of Elyvilon.
  1148 | D:2      | Found a sparkling altar of Nemelex Xobeh.
  1439 | D:3      | Noticed Terence
  1613 | D:2      | Found a stormy altar of Qazlal.
  1733 | D:2      | Found a hazy altar of Hepliaklqana.
  1734 | D:2      | Found a shimmering altar of Xom.
  1734 | D:2      | Noticed a hell beast
  1735 | D:2      | Noticed a hell beast
  1735 | D:2      | Noticed a spectral ugly thing
  1738 | D:2      | Became a worshipper of Hepliaklqana the Forgotten
  1882 | D:2      | Gained mutation: You are significantly more attuned to the shadows. [demonic ancestry]
  1882 | D:2      | Reached XP level 4. HP: 27/27 MP: 4/7
  1884 | D:2      | Found a shattered altar of Ashenzari.
  1885 | D:2      | Noticed Natasha
  2110 | D:3      | Killed Terence
  2115 | D:3      | Reached XP level 5. HP: 29/31 MP: 3/8
  2395 | D:3      | Noticed Grinder
  2503 | D:4      | Reached skill level 5 in Conjurations
  2557 | D:4      | Noticed an ogre
  2582 | D:4      | Killed an ogre
  2582 | D:4      | Reached XP level 6. HP: 36/36 MP: 7/9
  2621 | D:4      | Reached * piety under Hepliaklqana
  2674 | D:4      | Found an opulent altar of Gozag.
  2702 | D:5      | Entered Level 5 of the Dungeon
  2749 | D:4      | Found a snail-covered altar of Cheibriados.
  2877 | D:4      | Reached skill level 5 in Poison Magic
  2953 | D:5      | HP: 1/36 [centaur/arrow (9)]
  2954 | D:5      | Shot with an arrow by a centaur

Vault maps used:
D:1:      zaba_arrival_water, nrook_loot_triangle, glass_columns_c
D:2:      regret_index_temple_of_mockery, kennysheep_ying_yang,
          overflow_temple_1_default, nemelex_xobeh_ov_fountains_minmay,
          nicolae_overflow_hidden_temple, grunt_qazlal_sundering, uniq_natasha
D:3:      minivault_25, uniq_grinder, uniq_terence
D:4:      old_standard_altar, serial_shops, kennysheep_little_box, first_bread,
          grunt_gozag_statues
D:5:      grunt_temple_overflow_open, uniq_duvessa

Skill      XL: |  1  2  3  4  5  6 |
---------------+-------------------+-----
Conjurations   | 1 2 3 4 5 |  5.7
Poison Magic   | 5 |  5.2
Dodging        | |  1.7
Stealth        | |  1.7
Spellcasting   | |  2.0

Action                   |  1- 3 |  4- 6 || total
-------------------------+-------+-------++-------
Melee: Unarmed           |     7 |     5 ||    12
       Dagger            |       |    17 ||    17
 Cast: Sting             |    91 |    53 ||   144
  Use: Scroll            |       |     1 ||     1
       Potion            |       |     1 ||     1
 Stab: Sleeping          |       |     5 ||     5
  Eat: Chunk             |     3 |     3 ||     6
       Pizza             |     1 |       ||     1
Armor: Robe              |    14 |     8 ||    22
Dodge: Dodged            |    25 |    20 ||    45
